 Dungeon Crawl Stone Soup version 0.30-a0-743-gbfdf073431 (webtiles) character file.

Game seed: 2724106943625590804

60 DEFE the Chopper (level 3, 0/45 HPs)
             Began as a Demonspawn Wanderer on Feb 6, 2023.
             Slain by an orc priest
             ... wielding a +0 whip
              (4 damage)
             ... on level 3 of the Dungeon.
             The game lasted 00:02:13 (1892 turns).

DEFE the Chopper (Demonspawn Wanderer)              Turns: 1892, Time: 00:02:14

Health: 0/45       AC: 21    Str: 14    XL:     3   Next: 80%
Magic:  3/3        EV:  2    Int: 14    God:
Gold:   212        SH:  0    Dex: 17    Spells: 2/2 levels left

rFire   . . .      SeeInvis .    a - +1 war axe
rCold   . . .      Faith    .    (no shield)
rNeg    . . .      Spirit   .    (body armour currently unavailable)
rPois   +          Reflect  .    (helmet currently unavailable)
rElec   .          Harm     .    (cloak currently unavailable)
rCorr   .          Rampage  .    (gloves currently unavailable)
Will    .....      Clarity  +    (boots currently unavailable)
Stlth   ++         NoTele   +    (no amulet)
HPRegen 0.27/turn                l - +6 ring of dexterity
MPRegen 0.16/turn                o - ring of wizardry

@: tree-form, attractive
A: stationary, stasis, torment immunity, boosted hp, (hooves 1), magic
regeneration, clarity
a: no special abilities


You were on level 3 of the Dungeon.
You were a tree.
You visited 1 branch of the dungeon, and saw 3 of its levels.

You collected 212 gold pieces.

Inventory:

Hand Weapons
 a - a +1 war axe (weapon)
 b - a +0 spear
Armour
 d - a +0 robe (melded)
Jewellery
 l - a +6 ring of dexterity (left branch)
 o - a ring of wizardry (right branch)
Scrolls
 c - a scroll of blinking
 h - 2 scrolls of teleportation {unknown}
 i - 3 scrolls of identify {unknown}
 j - a scroll of vulnerability {unknown}
 k - 2 scrolls of enchant armour {unknown}
 n - a scroll of torment {unknown}
 p - a scroll of amnesia {unknown}
Potions
 e - 2 potions of mutation
 f - a potion of attraction
 m - a potion of degeneration {unknown}
 q - a potion of haste {unknown}
 r - a potion of lignification
 s - a potion of flight {unknown}
 t - 2 potions of magic {unknown}


   Skills:
 - Level 4.0 Fighting
 + Level 5.0(5.1) Axes
 - Level 1.0(3.2) Polearms
 - Level 1.0 Dodging


You had 2 spell levels left.
You didn't know any spells.
Your spell library contained the following spells:

 Spells                   Type           Power      Damage    Failure   Level
 Lesser Beckoning         Tloc           0%         N/A       17%         2
 Gell's Gravitas          Tloc           0%         N/A       32%         3
 Teleport Other           Tloc           0%         N/A       32%         3


Dungeon Overview and Level Annotations

Branches:
Dungeon (3/15)

Altars:


Innate Abilities, Weirdness & Mutations

You are a tree.
Your roots penetrate the ground, keeping you stationary.
You cannot be teleported.
You are immune to unholy pain and torment.
Your maximum health is greatly increased.
Your equipment is partially melded.
((You have large cloven feet.))
You regenerate magic rapidly.
You possess an exceptional clarity of mind.


Message History

Unknown command.
It was a potion of attraction.
You feel attractive to monsters.
The orc wizard hits you but does no damage.
The orc wizard points at you and mumbles some strange words.
The magic dart hits you.
* * * LOW HITPOINT WARNING * * *
The orc priest is attracted toward you.
You take 6 damage, and have 6/30 hp.
Unknown command.
It was a potion of curing.
You feel better. The orc priest hits you with a +0 whip.
* * * LOW HITPOINT WARNING * * *
The orc wizard hits you with a +0 dagger.
* * * LOW HITPOINT WARNING * * *
The orc wizard hits you with a +0 dagger.
* * * LOW HITPOINT WARNING * * *
You take 1 damage, and have 5/30 hp.
Unknown command.
It was a potion of lignification.
You turn into a tree.
Your +0 robe melds into your body.
Your roots penetrate the ground.
The orc priest hits you but does no damage.
The orc wizard gestures at you while chanting.
You feel momentarily confused.
The orc wizard hits you but does no damage.
You now have 7/45 hp.
Unknown command.
You feel better.
The orc priest hits you but does no damage.
The orc hits you with a +2 heavy morningstar!
* * * LOW HITPOINT WARNING * * *
The orc wizard completely misses you.
The orc wizard gestures at you while chanting.
You resist with significant effort.
You take 3 damage, and have 4/45 hp.
Unknown command.
You barely miss the orc wizard. You hit the orc.
You closely miss the orc wizard. You hit the orc priest.
The orc priest hits you with a +0 whip.
You die...

..8.##........##..#. #.
....#..........#. ......
..8............#.#......
........................
.8..............#..(....
...#....................
##.#..................#
#...........#.ooo....##
#..#.#.........♣o......
#......######..........
#...#.######.........##
#......................
#######################


You could see an orc priest, 2 orc wizards and an orc.

Vanquished Creatures
  A worm (D:2)
  2 dart slugs
  An orc (D:3)
  5 ball pythons
  4 endoplasms (D:2)
  3 giant cockroaches
  5 goblins
  5 hobgoblins
  3 jackals (D:2)
  2 kobolds
  3 quokkas
  2 bats (D:2)
  6 frilled lizards
  5 rats
47 creatures vanquished.

Notes
Turn   | Place    | Note
-------+----------+-------------------------------------------
     0 | D:1      | DEFE the Demonspawn Wanderer began the quest for the Orb.
     0 | D:1      | DEFE set off with the following items: a +1 war axe, a +0
                  | spear, a scroll of blinking, a +0 robe.
     0 | D:1      | Reached XP level 1. HP: 19/19 MP: 1/1
   385 | D:1      | Reached skill level 4 in Axes
   406 | D:1      | Gained mutation: You have large cloven feet. [demonic
                  | ancestry]
   406 | D:1      | Reached XP level 2. HP: 25/25 MP: 2/2
   841 | D:2      | Found a faded altar of an unknown god.
   894 | D:2      | Gained mutation: You regenerate magic rapidly. [demonic
                  | ancestry]
   894 | D:2      | Reached XP level 3. HP: 30/30 MP: 3/3
  1702 | D:3      | Reached skill level 5 in Axes
  1887 | D:3      | Gained mutation: You possess an exceptional clarity of
                  | mind. [potion of mutation]
  1892 | D:3      | Slain by an orc priest

Illustrated notes

Levels and vault maps discovered:
D:1:      amcnicky_arrival_abandoned_market, layout_basic
D:2:      layout_loops_corners, hellmonk_ecumenical_altar_zigzags,
          minmay_crystal_room, minmay_joined_circles
D:3:      layout_rooms, zin_statuary, uniq_natasha

Skill      XL: |  1  2  3 |
---------------+----------+-----
Axes           | 4 5 |  5.0
Fighting       | |  4.0
Polearms       | |  1.0
Dodging        | |  1.0

Action                     || total
---------------------------++-------
  Melee: War axe           ||   102
         Kick              ||    15
         Punch             ||     2
    Use: Potion            ||     5
   Stab: Sleeping          ||     2
 Armour: Robe              ||    19
         Skin              ||     3
  Dodge: Dodged            ||    77

Table legend: (Time is in decaauts)
 A = Elapsed time spent in this place.
 B = Non-inter-level travel time spent in this place.
 C = Inter-level travel time spent in this place.
 D = Time resting spent in this place.
 E = Time spent auto-exploring this place.
 F = Levels seen in this place.
 G = Mean time per level.
                   A        B        C        D        E       F      G
               +--------+--------+--------+--------+--------+-----+--------+
         Total |   1918 |   1880 |     38 |      0 |   1585 |   3 |  639.3 |
       Dungeon |   1918 |   1880 |     38 |      0 |   1585 |   3 |  639.3 |
               +--------+--------+--------+--------+--------+-----+--------+

Top non-repeatable levels by time:
     D:2: 1000 daAuts
     D:1: 699 daAuts
     D:3: 218 daAuts
